cohdb
Replays
Latest Replays
All Replays
Popular Replays
Top Player Replays
Match Explorer
How It Works
Community
CoH3 Stats
Reddit
Sign in to upload your games and track your stats! →
Sign in with Steam
Match 45447633
Unlisted
Match 45447633
Overview
Messages
Build Orders
End
Construct Infanterie Kompanie
Grenadier Squad
MG 42 Machine Gun Team
MG 42 Machine Gun Team
Construct Luftwaffe Kompanie
Jäger Squad
Jäger Squad
Selects Mechanized Battlegroup
Luftwaffe Officer Quarters
Jäger Squad
Construct Panzer Kompanie
Medical Station
Stoßtruppen Squad
Panzer IV Medium Tank
Panzer Officer Quarters
Selects Spotting Scopes
Selects Wespe Self-propelled Artillery
Panzer IV Medium Tank
Selects Mechanized Assault
Side Skirts
Stoßtruppen Squad
Selects Raid Package
Panzer IV Medium Tank
Pioneer Squad
Selects StuG Assault Group
Selects UNKNOWN (2160084)
Panther Heavy Tank
Mechanized Assault
Mechanized Assault
Panther Heavy Tank
Mechanized Assault
Panther Heavy Tank
Panther Heavy Tank
MG 42 Bunker
MG 42 Bunker
MG 42 Bunker
Mechanized Assault
Panzer IV Medium Tank
Panzer IV Medium Tank
Mechanized Assault
Grenadier Squad
Mechanized Assault
Panther Heavy Tank
Mechanized Assault
DeBunkeD
YangXYZ
L1mbo
̶H̶e̶c̶t̶o̶r̶
SK4F6
thecolonel90
Stug Life
Commander Z
0
0
Comments
sign in to comment!
No comments posted yet!